 Dungeon Crawl Stone Soup version 0.32-a0-361-g289a535e89 (webtiles) character file.

Game seed: 11914345740735513815

115 ytrimaz the Chopper (level 5, -1/38 HPs)
             Began as a Coglin Gladiator on Feb 19, 2024.
             Slain by a gnoll
             ... wielding a +0 spear
              (6 damage)
             ... on level 2 of the Dungeon.
             The game lasted 00:01:42 (987 turns).

ytrimaz the Chopper (Coglin Gladiator)               Turns: 987, Time: 00:01:43

Health: -1/38      AC:  5    Str: 16    XL:     5   Next: 0%
Magic:  0/5        EV: 12    Int:  8    God:
Gold:   53         SH:  0    Dex: 15    Spells: 4/4 levels left

rFire   . . .        a - +1 war axe {Thoko}
rCold   . . .        i - +0 flail {Appius}
rNeg    . . .        b - +0 leather armour
rPois   .            c - +0 helmet
rElec   .            (no cloak)
rCorr   .            f - +0 pair of gloves
SInv    .            (no boots)
Will    .....        j - amulet of guardian spirit
Stlth   +            (no ring)
HPRegen 0.26/turn    (no ring)
MPRegen 0.09/turn

%: guardian spirit
@: revving, stiff-legged, very slow
A: off-hand wielding, slow wielding, warmup strikes, warmup strides
a: no special abilities


You were on level 2 of the Dungeon.
You visited 1 branch of the dungeon, and saw 2 of its levels.

You collected 53 gold pieces.


Innate Abilities, Weirdness & Mutations

You can wield a second weapon in your off-hand.
It takes a long time for you to wield or remove held weapons.
Your first few attacks do less damage.
Your first movements take longer.


   Skills:
 - Level 2.0 Fighting
 + Level 5.5 Axes
 - Level 1.7 Throwing
 - Level 2.6 Dodging


You had 4 spell levels left.
You didn't know any spells.
Your spell library contained the following spells:

 Spells                   Type           Power      Damage    Failure   Level
 Animate Dead             Necr           0%         N/A       99%         4
 Haunt                    Necr/Summ      0%         N/A       100%        7
 Infestation              Necr           0%         N/A       100%        8

Inventory:

Hand Weapons
 a - a +1 war axe (weapon) {Thoko}
 i - a +0 flail (worn) {Appius}
   (You found it on level 2 of the Dungeon)
 l - a +0 mace {Zihan}
   (You found it on level 2 of the Dungeon)
Missiles
 d - 2 throwing nets (quivered)
 e - a javelin
Armour
 b - a +0 leather armour (worn)
 c - a +0 helmet (worn)
 f - a +0 pair of gloves (worn)
   (You found it on level 1 of the Dungeon)
Jewellery
 j - an amulet of guardian spirit (around neck)
   (You found it on level 1 of the Dungeon)
Scrolls
 h - a scroll of teleportation
Potions
 k - a potion of curing {unknown}
 m - a potion of brilliance {unknown}
 n - a potion of resistance {unknown}

Dungeon Overview and Level Annotations

Branches:
Dungeon (2/15) Zot: 10934

Altars:

...<.............g.....>........#
................######..........#
#...#######...#..#####..........#
....#######...##.....).....))....
....#....##...#######.....####<##
...##....##...#####.รท.....# #.##
...##....##...#.........### #...
#####....##.............## ####
#....##.....@g.......#
#....###....gg.......# #####....#
############..# .........# #..##
##### .........# #...###.)..
......#### ##.....###. ......#
#..##...#. ......#########
#######.####.#. ..............#
#....##........


You could see 3 gnolls.


Message History

You feel strangely unstable.
It was a scroll of teleportation.
The gnoll shouts!
You hear a shout! x2 ๐Ÿ˜Ž HP[+1]
Your hp is fully restored (33).
A gnoll is nearby!
Unknown command.
A gnoll is nearby!
A gnoll comes into view. It is wielding a +0 spear.
Your surroundings suddenly seem different.
No target in view!
No target in view!
Unknown command.
The gnoll shouts!
You hear a shout!
The gnoll closely misses you.
You see here a ball python skeleton.
There are monsters nearby!
There are monsters nearby!
The gnoll shouts!
The gnoll hits you with a +0 halberd. ๐Ÿ˜• HP[-6]
You take 6 damage, and now have 27/33 hp.
You closely miss the gnoll with your +1 war axe.
You hit the gnoll with your +0 flail. The gnoll barely misses you.
The gnoll closely misses you. ๐Ÿ˜• HP[+1] Unknown command.
It was a potion of ambrosia.
You are confused.
You feel invigorated. The gnoll barely misses you.
The gnoll hits you from afar with a +0 spear.
The gnoll barely misses you. ๐Ÿ˜• HP[+1] Unknown command.
You sock the gnoll with your +0 flail!
You kill the gnoll!
The gnoll misses you. The gnoll completely misses you.
The gnoll barely misses you. The gnoll completely misses you.
You have reached level 5! ๐Ÿ˜Ž HP[+9] MP[+1]
You now have 38 max hp (+5).
Your hp is fully restored (38).
Your mp is fully restored (5).
The gnoll completely misses you. The gnoll hits you with a +0 spear!
The gnoll hits you from afar with a +0 spear!
The gnoll barely misses you.
The gnoll hits you with a +0 spear. ๐Ÿ˜ฎ HP[-17] MP[-3]
You take 17 damage, and now have 21/38 hp.
MASSIVE DAMAGE!! (PAUSE)
You lost 3 mp, and now have 2/5 mp.
The gnoll misses you. x2 ๐Ÿ˜ฎ HP[+5] MP[+3]
You regained 5 hp, and now have 26/38 hp.
Your mp is fully restored (5).
Unknown command.
The gnoll attacks as it pursues you!
The gnoll hits you from afar with a +0 spear.
You see here a ball python skeleton. ๐Ÿ˜ฎ HP[-2] MP[-1]
You take 2 damage, and now have 24/38 hp.
You lost 1 mp, and now have 4/5 mp.
Unknown command.
You feel less invigorated.
You feel less confused. ๐Ÿ˜• HP[+5] MP[+1]
You regained 5 hp, and now have 29/38 hp.
Your mp is fully restored (5).
Unknown command.
The gnoll attacks as it pursues you!
The gnoll hits you from afar with a +0 spear. ๐Ÿ˜ฎ HP[-4] MP[-1]
You take 4 damage, and now have 25/38 hp.
You lost 1 mp, and now have 4/5 mp.
Unknown command.
The gnoll attacks as it pursues you!
The gnoll completely misses you. ๐Ÿ˜ฎ HP[+1]
The gnoll attacks as it pursues you! The gnoll hits you but does no damage.
The gnoll barely misses you. The gnoll closely misses you.
The gnoll misses you.
The gnoll hits you with a +0 spear. x2 ๐Ÿ˜ฎ HP[-6]
You take 6 damage, and now have 20/38 hp.
You hit the gnoll with your +1 war axe.
You slash the gnoll with your +1 war axe!
You closely miss the gnoll with your +1 war axe.
You hit the gnoll with your +0 flail. The gnoll hits you with a +0 spear.
* * * LOW HITPOINT WARNING * * *
The gnoll hits you with a +0 spear.
* * * LOW HITPOINT WARNING * * *
The gnoll barely misses you. The gnoll hits you with a +0 spear.
* * * LOW HITPOINT WARNING * * *
The gnoll hits you with a +0 spear!
* * * LOW HITPOINT WARNING * * *
Unknown command.
You completely miss the gnoll with your +0 flail.
You barely miss the gnoll with your +1 war axe.
You hit the gnoll with your +1 war axe.
You closely miss the gnoll with your +1 war axe.
The gnoll closely misses you. The gnoll hits you with a +0 spear.
* * * LOW HITPOINT WARNING * * *
The gnoll hits you with a +0 spear.
You die...

Skill      XL: |  1  2  3 |
---------------+----------+-----
Axes           | 4 5 |  5.5
Fighting       | |  2.0
Throwing       | |  1.7
Dodging        | |  2.6

Action                     |  1- 3 |  4- 6 || total
---------------------------+-------+-------++-------
  Melee: War axe           |    64 |    10 ||    74
         Mace              |    10 |       ||    10
         Flail             |     5 |    12 ||    17
  Throw: Throwing net      |     1 |       ||     1
    Use: Scroll            |     2 |     1 ||     3
         Potion            |       |     1 ||     1
 Armour: Leather armour    |    51 |    20 ||    71
  Dodge: Dodged            |    48 |    26 ||    74

Levels and vault maps discovered:
D:1:      scummos_arrival_simple_crosswalls, layout_rooms
D:2:      layout_basic, uniq_terence

Notes
Turn   | Place    | Note
-------+----------+-------------------------------------------
     0 | D:1      | ytrimaz the Coglin Gladiator began the quest for the Orb.
     0 | D:1      | Reached XP level 1. HP: 16/16 MP: 1/1
     0 | D:1      | magus.rc [v1.9.6]
    37 | D:1      | Reached XP level 2. HP: 18/22 MP: 2/2
   221 | D:1      | Reached skill level 4 in Axes
   285 | D:1      | Reached XP level 3. HP: 27/27 MP: 3/3
   435 | D:2      | You pick up a book of Death and begin reading...
   435 | D:2      | You add the spells Animate Dead, Haunt and Infestation to
                  | your library.
   683 | D:2      | HP: 6/27 [gnoll/+0 halberd (8)]
   814 | D:2      | Noticed Terence
   823 | D:2      | Killed Terence
   824 | D:2      | Reached skill level 5 in Axes
   824 | D:2      | Reached XP level 4. HP: 33/33 MP: 4/4
   975 | D:2      | Reached XP level 5. HP: 38/38 MP: 5/5
   986 | D:2      | HP: 7/38 [gnoll/+0 spear (7)]
   987 | D:2      | Slain by a gnoll

Vanquished Creatures
  Terence (D:2)
  A gnoll (D:2)
  2 adders (D:2)
  2 ribbon worms (D:2)
  A dart slug (D:2)
  An endoplasm (D:1)
  A giant cockroach (D:2)
  4 goblins
  3 hobgoblins
  5 ball pythons
  2 bats (D:1)
  3 frilled lizards
  7 kobolds
  A rat (D:1)
34 creatures vanquished.

Table legend:
 A = Non-vault XP
 B = Vault XP
 C = Vault XP percentage of total XP
 D = Non-vault monster count
 E = Vault monster count
 F = Vault count percentage of total count
                 A         B        C        D         E       F
            +---------+---------+-------+---------+---------+-------
      Total |     128 |      37 |  22.4 |      33 |       1 |   2.9
            +---------+---------+-------+---------+---------+-------
        D:1 |      42 |       0 |   0.0 |      17 |       0 |   0.0
        D:2 |      86 |      37 |  30.1 |      16 |       1 |   5.9
            +---------+---------+-------+---------+---------+-------

Skill      XL: |  1  2  3 |
---------------+----------+-----
Axes           | 4 5 |  5.5
Fighting       | |  2.0
Throwing       | |  1.7
Dodging        | |  2.6

Action                     |  1- 3 |  4- 6 || total
---------------------------+-------+-------++-------
  Melee: War axe           |    64 |    10 ||    74
         Mace              |    10 |       ||    10
         Flail             |     5 |    12 ||    17
  Throw: Throwing net      |     1 |       ||     1
    Use: Scroll            |     2 |     1 ||     3
         Potion            |       |     1 ||     1
 Armour: Leather armour    |    51 |    20 ||    71
  Dodge: Dodged            |    48 |    26 ||    74

Illustrated notes

Table legend:
 A = Kills in this place as a percentage of kills in the entire game.
 B = Kills by you in this place as a percentage of kills by you in the entire game.
 C = Kills by friends in this place as a percentage of kills by friends in the entire game.
 D = Other kills in this place as a percentage of other kills in the entire game.
 E = Experience gained in this place as a percentage of experience gained in the entire game.
 F = Experience gained in this place divided by the number of levels of this place that you have seen.
                   A       B       C       D       E      F
               +-------+-------+-------+-------+-------+----------------------
         Total | 100.0 | 100.0 |   N/A |   N/A | 100.0 |  82.5
       Dungeon | 100.0 | 100.0 |   N/A |   N/A | 100.0 |  82.5
               +-------+-------+-------+-------+-------+----------------------

Table legend: (Time is in decaauts)
 A = Elapsed time spent in this place.
 B = Non-inter-level travel time spent in this place.
 C = Inter-level travel time spent in this place.
 D = Time resting spent in this place.
 E = Time spent auto-exploring this place.
 F = Levels seen in this place.
 G = Mean time per level.
                   A        B        C        D        E       F      G
               +--------+--------+--------+--------+--------+-----+--------+
         Total |   1063 |   1028 |     35 |     83 |    592 |   2 |  531.5 |
       Dungeon |   1063 |   1028 |     35 |     83 |    592 |   2 |  531.5 |
               +--------+--------+--------+--------+--------+-----+--------+

Top non-repeatable levels by time:
     D:1: 561 daAuts
     D:2: 502 daAuts
